 Dungeon Crawl Stone Soup version 0.23.0 (webtiles) character file.

Game seed: 11344934949532036569

7636 Faca the Fighter (level 10, -4/100 HPs)
             Began as a Minotaur Berserker on Feb 12, 2019.
             Was a High Priest of Trog.
             Killed by divine providence
             ... invoked by a meliai
              (15 damage)
             ... on level 11 of the Dungeon on Feb 13, 2019.
             The game lasted 00:28:43 (10943 turns).

Faca the Fighter (Minotaur Berserker)              Turns: 10943, Time: 00:28:43

Health: -4/100     AC: 12    Str: 26    XL:     10   Next: 98%
Magic:  0/9        EV: 11    Int:  4    God:    Trog [*****.]
Gold:   537        SH:  0    Dex:  9    Spells: 9/9 levels left

rFire    . . .     SeeInvis .   f - +0 war axe
rCold    . . .     Gourm    .   (no shield)
rNeg     + . .     Faith    .   u - +0 chain mail
rPois    .         Spirit   +   (helmet restricted)
rElec    .         Reflect  .   a - +0 cloak
rCorr    .         Harm     .   (no gloves)
MR       .....                  (no boots)
Stlth    ..........             y - amulet of guardian spirit
HPRegen  0.26/turn              A - ring of positive energy
MPRegen  0.11/turn              (no ring)

@: lethally poisoned (-4 -> -18)
A: retaliatory headbutt, horns 2
a: Berserk, Trog's Hand, Brothers in Arms, Renounce Religion


You were on level 11 of the Dungeon.
You worshipped Trog.
Trog was extremely pleased with you.
You were not hungry.

You visited 1 branch of the dungeon, and saw 11 of its levels.

You collected 537 gold pieces.

Inventory:

Hand Weapons
 f - a +0 war axe (weapon)
Missiles
 i - 6 throwing nets
 k - 14 tomahawks (quivered)
 t - 6 steel tomahawks
Armour
 a - a +0 cloak (worn)
 u - a +0 chain mail (worn)
Jewellery
 q - a +3 ring of intelligence
 y - an amulet of guardian spirit (around neck)
 A - a ring of positive energy (left hand)
Wands
 e - a wand of digging (5)
 v - a wand of scattershot (5)
 x - a wand of flame (22)
 z - a wand of iceblast (12)
Scrolls
 j - 8 scrolls of teleportation
 n - 2 scrolls of enchant armour
 o - 2 scrolls of amnesia {unknown}
 r - 4 scrolls of remove curse
 E - a scroll of magic mapping {unknown}
Potions
 b - 2 potions of cancellation
 d - 2 potions of mutation {unknown}
 g - 2 potions of haste
 h - 2 potions of heal wounds {unknown}
 l - 2 potions of flight
 m - a potion of lignification
 s - 2 potions of resistance
 w - a potion of ambrosia
 B - 2 potions of invisibility {unknown}
 C - a potion of might {unknown}
Comestibles
 c - 10 rations


   Skills:
 + Level 12.7 Fighting
 + Level 12.7 Axes
 + Level 7.3 Armour
 + Level 6.6 Dodging


You had 9 spell levels left.
You didn't know any spells.
Your spell library was empty.

Dungeon Overview and Level Annotations

Branches:
Dungeon (11/15)            Temple (0/1) D:4            Lair (0/6) D:8
    Orc (0/2) D:9

Altars:
Dithmenos
Fedhas
Trog
Xom
Yredelemnul


Innate Abilities, Weirdness & Mutations

You reflexively headbutt those who attack you in melee.
You have a pair of horns on your head.


Message History

You hit the meliai. You headbutt the meliai!
The meliai is almost dead.
You closely miss the meliai.
You feel sick. The meliai closely misses you. The meliai barely misses you.
The meliai mumbles some strange prayers to its god against you.
Something smites you!
* * * LOW HITPOINT WARNING * * *
The meliai hits you with a +0 hand axe.
* * * LOW HITPOINT WARNING * * *
The meliai closely misses you.
Unknown command.
You hit the meliai.
You kill the meliai!
Trog accepts your kill.
You barely miss the meliai.
* * * LOW HITPOINT WARNING * * *
You feel sick.
The meliai mumbles some strange prayers to its god against you.
Something smites you!
You die...

#.###.# #.
#.#.##.#
#.##.###.#.# #...#
##..# #..#.###.###
#..##.#.##
#..###...##
##.#..##.....##
#(..)@...........
#.!..y###.....####
....... .#...##
##..... #.###....
##...# #. .###
##.# ## ## #. #.


You could see a meliai.

Vanquished Creatures
  An ugly thing (D:11)
  A gargoyle (D:11)
  2 meliai (D:11)
  2 hippogriffs (D:8)
  A spriggan (D:7)
  A wraith (D:10)
  4 yaks (D:8)
  Eustachio (D:5)
  3 hungry ghosts
  A two-headed ogre zombie (D:9)
  A water moccasin (D:11)
  4 porcupines (D:8)
  A black bear (D:6)
  A sky beast (D:6)
  An ice beast (D:5)
  4 orc warriors
  A phantom (D:9)
  An ogre (D:9)
  4 centaurs
  6 crocodiles
  Blork the orc (D:4)
  7 bullfrogs
  A wyvern zombie (D:6)
  2 scorpions
  3 troll zombies (D:9)
  4 jellies
  2 crimson imps (D:5)
  2 quasits (D:9)
  A bullfrog skeleton (D:7)
  4 hounds
  7 orc priests
  8 orc wizards
  Crazy Yiuf (D:4)
  A centaur skeleton (D:7)
  7 iguanas
  5 worker ants
  4 ogre zombies (D:9)
  A hound zombie (D:5)
  A hound skeleton (D:8)
  A worker ant zombie (D:6)
  A howler monkey zombie (D:8)
  7 gnolls
  15 adders
  2 howler monkey skeletons
  4 shadow imps
  An ooze (D:5)
  An adder skeleton (D:7)
  2 worms
  5 dart slugs (D:1)
  3 leopard geckos
  42 orcs
  5 ball pythons
  7 giant cockroaches
  7 goblins
  13 hobgoblins
  10 kobolds
  7 quokkas
  10 bats
  5 frilled lizards
  A giant cockroach zombie (D:6)
  A goblin zombie (D:9)
  A hobgoblin skeleton (D:9)
  3 hobgoblin zombies (D:9)
  2 orc skeletons (D:9)
  17 orc zombies (D:9)
  8 rats
  A bush (D:10)
  A fungus (D:8)
286 creatures vanquished.

Vanquished Creatures (others)
  An orc wizard (D:8)
  2 fungi (D:8)
  9 plants (D:8)
12 creatures vanquished.

Grand Total: 298 creatures vanquished

Notes
Turn   | Place    | Note
-------+----------+-------------------------------------------
     0 | D:1      | Faca the Minotaur Berserker began the quest for the Orb.
     0 | D:1      | Reached XP level 1. HP: 19/19 MP: 0/0
    83 | D:1      | Reached XP level 2. HP: 25/27 MP: 1/1
   169 | D:1      | Reached XP level 3. HP: 32/34 MP: 2/2
   275 | D:1      | Reached ** piety under Trog
   712 | D:2      | Reached skill level 5 in Fighting
   712 | D:2      | Reached skill level 5 in Axes
   712 | D:2      | Reached XP level 4. HP: 30/42 MP: 3/3
  1492 | D:3      | Reached *** piety under Trog
  1514 | D:3      | Found a basalt altar of Yredelemnul.
  1522 | D:3      | Reached XP level 5. HP: 37/48 MP: 4/4
  2631 | D:4      | Noticed Blork the orc
  2639 | D:4      | Killed Blork the orc
  2639 | D:4      | Reached XP level 6. HP: 45/58 MP: 5/5
  2833 | D:4      | Found a runed translucent door.
  2834 | D:4      | Noticed Crazy Yiuf
  3092 | D:4      | Found a staircase to the Ecumenical Temple.
  3553 | D:4      | Killed Crazy Yiuf
  3610 | D:5      | Entered Level 5 of the Dungeon
  3635 | D:5      | Received a gift from Trog
  3635 | D:5      | Reached XP level 7. HP: 62/66 MP: 6/6
  3935 | D:5      | Noticed Eustachio
  3949 | D:5      | Killed Eustachio
  4017 | D:5      | Reached XP level 8. HP: 54/75 MP: 7/7
  4131 | D:5      | Reached **** piety under Trog
  4213 | D:5      | Found a blossoming altar of Fedhas.
  4954 | D:6      | Reached skill level 10 in Fighting
  4954 | D:6      | Reached skill level 10 in Axes
  5400 | D:6      | Reached XP level 9. HP: 31/86 MP: 8/8
  6084 | D:7      | Found a bloodstained altar of Trog.
  6564 | D:8      | Found a staircase to the Lair.
  7008 | D:8      | Reached skill level 5 in Armour
  7008 | D:8      | Reached XP level 10. HP: 81/97 MP: 6/9
  7197 | D:8      | Reached ***** piety under Trog
  7803 | D:9      | Reached skill level 5 in Dodging
  8196 | D:9      | Found a staircase to the Orcish Mines.
  8248 | D:9      | HP: 1/97 [orc warrior/+0 glaive (11)]
  8749 | D:9      | Received a gift from Trog
  9538 | D:9      | Found a shadowy altar of Dithmenos.
  9709 | D:10     | Entered Level 10 of the Dungeon
 10456 | D:10     | Found a shimmering altar of Xom.
 10536 | D:11     | Noticed a gargoyle
 10545 | D:11     | Killed a gargoyle
 10752 | D:11     | Noticed a green ugly thing
 10764 | D:11     | Killed a green ugly thing
 10943 | D:11     | Killed from afar by a meliai

Skill      XL: |  1  2  3  4  5  6  7  8  9 10 |
---------------+-------------------------------+-----
Fighting       | 4 5 6 7 8 10 11 12 | 12.7
Axes           | 4 5 6 7 8 10 11 12 | 12.7
Armour         | 5 7 |  7.3
Dodging        | 4 6 |  6.6

Action                   |  1- 3 |  4- 6 |  7- 9 | 10-12 || total
-------------------------+-------+-------+-------+-------++-------
Melee: Hand axe          |    65 |    77 |       |       ||   142
       Headbutt          |    13 |    24 |    62 |    51 ||   150
       War axe           |       |    88 |   275 |   259 ||   622
Invok: Berserk           |     1 |       |     1 |     2 ||     4
       Trog's Hand       |       |       |     1 |       ||     1
  Use: Scroll            |       |    11 |     7 |       ||    18
       Potion            |       |       |     3 |     1 ||     4
  Eat: Chunk             |       |    18 |     9 |       ||    27
       Ration            |       |       |       |     5 ||     5
Armor: Animal skin       |     1 |       |       |       ||     1
       Ring mail         |    29 |    17 |       |       ||    46
       Scale mail        |       |    49 |    64 |       ||   113
       Chain mail        |       |       |    64 |   109 ||   173
Dodge: Dodged            |    49 |    89 |   111 |   125 ||   374
